 Dungeon Crawl Stone Soup version 0.30-a0-359-gd0147acb1a (webtiles) character file.

Game seed: 12152556327535002940

3221 haemogoblin the Covert (level 10, -18/55 (60) HPs)
             Began as a Kobold Chaos Knight on Nov 11, 2022.
             Was a Plaything of Xom.
             Demolished by a wight
             ... wielding a +2 great sword
              (23 damage)
             ... on level 8 of the Dungeon on Nov 12, 2022.
             The game lasted 00:46:59 (9121 turns).

haemogoblin the Covert (Kobold Chaos Knight)        Turns: 9121, Time: 00:47:00

HP:   -18/55 (60)   AC: 14    Str: 14    XL:     10   Next: 18%
MP:   10/10         EV: 18    Int: 17    God:    Xom [....*.]
Gold: 270           SH:  0    Dex: 15    Spells: 9/9 levels left

rFire   . . .      SeeInvis .    a - +0 short sword (chaos)
rCold   . . .      Faith    .    (no shield)
rNeg    . . .      Spirit   .    b - +2 leather armour
rPois   .          Reflect  .    (no helmet)
rElec   .          Harm     .    w - +2 cloak
rCorr   .          Rampage  .    (no gloves)
Will    +....      Clarity  +    (no boots)
Stlth   ++++++....               (no amulet)
HPRegen 1.09/turn                B - +4 ring of protection
MPRegen 0.12/turn                (no ring)

@: drained
A: small, no large weapons, nightstalker 3, iridescent scales 1, clarity, clever
1, strong-willed 1, sense surroundings 1, regeneration 1, screaming 1, strong 1,
sturdy frame 1
a: Renounce Religion


You were on level 8 of the Dungeon.
You worshipped Xom.
You were a beloved toy of Xom.
You visited 1 branch of the dungeon, and saw 8 of its levels.

You collected 270 gold pieces.

Inventory:

Hand Weapons
 a - a +0 short sword of chaos (weapon)
 f - a +1 dagger of venom
 n - a +2 spear of flaming
 q - a +4 short sword
 r - a +2 whip of flaming
 s - the +11 sling of Generosity {antimagic, Str+7 Int+3}
   (You found it on level 3 of the Dungeon)

   It reduces the magical energy of the wielder, and disrupts the spells and
   magical abilities of those it strikes.
   Natural abilities and divine invocations are not affected.
   Str:       It affects your strength (+7).
   Int:       It affects your intelligence (+3).
Missiles
 d - 56 stones
Armour
 b - a +2 leather armour (worn)
 g - a +0 cloak
 w - a +2 cloak (worn)
 y - a +0 cloak
Magical Staves
 e - a staff of death
Jewellery
 B - a +4 ring of protection (left hand)
Wands
 k - a wand of flame (6)
Scrolls
 i - a scroll of poison
 j - 2 scrolls of immolation
 l - 4 scrolls of amnesia
 o - a scroll of magic mapping {unknown}
 t - a scroll of fear {unknown}
 u - 2 scrolls of vulnerability
 v - a scroll of enchant armour {unknown}
 E - a scroll of brand weapon {unknown}
 F - a scroll of acquirement {unknown}
 H - a scroll of blinking {unknown}
 I - a scroll of noise {unknown}
Potions
 h - a potion of heal wounds {unknown}
 m - 2 potions of curing
 x - 3 potions of lignification
 z - a potion of brilliance {unknown}
 A - a potion of might {unknown}
 C - 3 potions of flight {unknown}
 D - a potion of attraction {unknown}
 G - a potion of cancellation {unknown}
Miscellaneous
 c - a piece from Xom's chessboard (15/15) (quivered)
 p - a piece from Xom's chessboard (15/15)


   Skills:
 + Level 5.8 Fighting
 + Level 9.5 Short Blades
 + Level 2.3 Armour
 + Level 8.4 Dodging
 + Level 10.9 Stealth
 + Level 2.4 Shields


You had 9 spell levels left.
You didn't know any spells.
Your spell library contained the following spells:

 Spells                   Type           Power      Damage    Failure   Level
 Foxfire                  Conj/Fire      0%         2x1d4     24%         1
 Sandblast                Erth           0%         2d4       24%         1
 Summon Small Mammal      Summ           0%         N/A       24%         1
 Passwall                 Tmut/Erth      0%         N/A       36%         2
 Call Canine Familiar     Summ           0%         N/A       58%         3
 Stone Arrow              Conj/Erth      0%         3d7       58%         3
 Summon Guardian Golem    Hex/Summ       0%         N/A       58%         3
 Fireball                 Conj/Fire      0%         3d3       100%        5
 Starburst                Conj/Fire      0%         6d3       100%        6


Dungeon Overview and Level Annotations

Branches:
Dungeon (8/15)             Temple (0/1) D:7            Lair (0/5) D:8

Altars:
Fedhas
Gozag
Xom


Innate Abilities, Weirdness & Mutations

You are small and have problems with some larger weapons.
You are completely attuned to the shadows.
You are partially covered in iridescent scales. (AC +2)
You possess an exceptional clarity of mind.
Your mind is acute. (Int +4, Str/Dex -1)
You are strong-willed. (Will+)
You passively map a small area around you.
Your natural rate of healing is unusually fast.
You occasionally shout uncontrollably at your foes.
Your muscles are strong. (Str +4, Int/Dex -1)
Your movements are slightly less encumbered by armour. (ER -2)


Message History

The hound bites you but does no damage.
You closely miss something. The wight hits you but does no damage.
Something hits you.
You feel drained. The grasping roots constrict you.
You closely miss the wight. "Burn, baby, burn!"
The fireball engulfs the wight. x2; The fireball engulfs the hound.
The hound closely misses you.
The wight hits you from afar with a +0 spear.
You hit the wight but do no damage.
The wight is moderately damaged.
The wight hits you with a +4 long sword!
Something barely misses you. The hound completely misses you.
The grasping roots constrict you.
You closely miss the wight.
The wight is moderately damaged.
The wight barely misses you.
You closely miss something. The hound bites you but does no damage.
The wight hits you with a +4 long sword.
* * * LOW HITPOINT WARNING * * *
Something barely misses you. The grasping roots constrict you.
You hit something but do no damage. The hound closely misses you.
The wight hits you but does no damage.
The grasping roots release their grip on you.
You hit something but do no damage.
Space warps horribly around something!
The wight misses you. Something hits you but does no damage.
The hound bites you but does no damage.
You barely miss the wight.
The wight is moderately damaged.
The wight hits you from afar with a +0 spear!
* * * LOW HITPOINT WARNING * * *
You closely miss the wight.
The wight is moderately damaged.
The hound bites you but does no damage.
The wight hits you with a +4 long sword.
* * * LOW HITPOINT WARNING * * *
You feel drained.
* * * LOW HITPOINT WARNING * * *
Something hits you!!
You die...
Xom titters!

, , , Yz...## , , ,
.#Y..... ,
,..YY..##. * ,,, ,
..z#..... * *
##...........#.....
#..§§..............
*#z§§...........##.
#zh§.......#..####
#@{z.z....##..#.#.
###§.z.....#..#...
#.......)#..)..#
##.....#[.......#
##.....##.)#......
###........)####....
#.........### ##...
#.........# ##.#
#.....#...# ###


You could see a hound and 3 wights.

Vanquished Creatures
  2 hogs (D:7)
  A yak (D:7)
  A human (D:7)
  A water moccasin (D:6)
  3 ice beasts (D:7)
  3 sky beasts
  2 black bears
  2 wolves (D:8)
  2 ogres
  A centaur (D:8)
  A phantom (D:5)
  2 kobold brigands
  A necrophage (D:5)
  3 scorpions
  3 howler monkeys
  2 orc priests
  A jelly (D:5)
  4 hounds
  A gnoll bouda (D:7)
  4 iguanas
  3 orc wizards
  Robin (D:3)
  9 gnolls
  6 adders
  A shadow imp (D:7)
  2 ufetubi (D:5)
  2 worms (D:4)
  2 dart slugs
  12 orcs
  6 bats
  5 endoplasms
  4 giant cockroaches
  25 goblins
  9 hobgoblins
  6 jackals
  5 quokkas
  9 ball pythons
  5 frilled lizards
  16 kobolds
  5 rats
  2 butterflies (D:3)
175 creatures vanquished.

Vanquished Creatures (collateral kills)
  A hog (D:7)
  A goblin (D:1)
2 creatures vanquished.

Vanquished Creatures (others)
  A hog (D:7)
  A steam dragon (D:8)
2 creatures vanquished.

Grand Total: 179 creatures vanquished

Notes
Turn   | Place    | Note
-------+----------+-------------------------------------------
     0 | D:1      | haemogoblin the Kobold Chaos Knight began the quest for the
                  | Orb.
     0 | D:1      | Reached XP level 1. HP: 14/14 MP: 1/1
    47 | D:1      | XOM: silly message
    79 | D:1      | Reached skill level 1 in Stealth
   101 | D:1      | Reached XP level 2. HP: 19/19 MP: 2/2
   312 | D:1      | XOM: scenery: summon butterflies
   319 | D:1      | XOM: polymorph butterfly -> bat
   386 | D:1      | XOM: god gift: 17 gold pieces
   540 | D:1      | Reached skill level 1 in Armour
   565 | D:1      | Reached XP level 3. HP: 23/23 MP: 3/3
   608 | D:1      | XOM: 1-stop teleportation journey
   949 | D:1      | XOM: divination: detect items
   982 | D:1      | XOM: cloud trail
  1057 | D:1      | XOM: give mutation
  1057 | D:1      | Gained mutation: You are partially covered in large bone
                  | plates. (SH +4) [Xom's grace]
  1079 | D:1      | XOM: cast spell 'Dispersal'
  1164 | D:1      | XOM: give mutations
  1164 | D:1      | Gained mutation: You are robust. (+10% HP) [Xom's grace]
  1164 | D:1      | Gained mutation: You have hidden genetic potential. [Xom's
                  | grace]
  1164 | D:1      | Gained mutation: You possess an exceptional clarity of
                  | mind. [Xom's grace]
  1366 | D:2      | XOM: give mutations
  1366 | D:2      | Gained mutation: Your mind is acute. (Int +4, Str/Dex -1)
                  | [Xom's grace]
  1366 | D:2      | Gained mutation: You passively map a small area around you.
                  | [Xom's grace]
  1366 | D:2      | Gained mutation: A frigid envelope surrounds you and
                  | freezes all who hurt you. [Xom's grace]
  1725 | D:2      | XOM: give mutations
  1725 | D:2      | Gained mutation: Your flesh is cold resistant. (rC+) [Xom's
                  | grace]
  1725 | D:2      | Gained mutation: You are strong-willed. (Will+) [Xom's
                  | grace]
  1817 | D:2      | Reached skill level 2 in Stealth
  1942 | D:2      | Reached XP level 4. HP: 31/31 MP: 4/4
  2058 | D:2      | Gained mutation: You have sharp toenails. [hidden
                  | potential]
  2263 | D:3      | Noticed Robin
  2288 | D:2      | Reached skill level 5 in Short Blades
  2311 | D:3      | Killed Robin
  2324 | D:3      | Found a shimmering altar of Xom.
  2562 | D:3      | XOM: give mutations
  2562 | D:3      | Gained mutation: Your movements are slightly less
                  | encumbered by armour. (ER -2) [Xom's grace]
  2562 | D:3      | Gained mutation: You are partially covered in iridescent
                  | scales. (AC +2) [Xom's grace]
  2742 | D:3      | Found a faded altar of an unknown god.
  2753 | D:3      | Reached skill level 3 in Stealth
  2791 | D:3      | Identified the +11 sling of Generosity {antimagic, Str+7
                  | Int+3}
  2869 | D:3      | XOM: god gift: plate armour {god gift}
  2977 | D:3      | Reached XP level 5. HP: 36/36 MP: 5/5
  2986 | D:3      | XOM: scenery: summon butterflies
  3069 | D:3      | XOM: 4-stop teleportation journey
  3070 | D:3      | Gained mutation: Your muscles are strong. (Str +4, Int/Dex
                  | -1) [hidden potential]
  3070 | D:3      | Lost mutation: You have hidden genetic potential. [hidden
                  | potential expressed]
  3504 | D:3      | XOM: 5-stop teleportation journey
  3561 | D:3      | XOM: stat loss: -1 Int (15/16)
  3767 | D:4      | XOM: 5-stop teleportation journey
  3771 | D:4      | Reached skill level 4 in Stealth
  3771 | D:4      | XOM: give mutation
  3771 | D:4      | Gained mutation: You are clumsy. (Dex -2) [Xom's mischief]
  3776 | D:4      | Reached XP level 6. HP: 36/41 MP: 6/6
  3836 | D:4      | Upgraded the game from 0.30-a0-358-g0d69a1922f to
                  | 0.30-a0-359-gd0147acb1a
  3936 | D:4      | XOM: chaos upgrade
  3944 | D:4      | Reached skill level 5 in Stealth
  4056 | D:4      | Noticed a black bear
  4062 | D:4      | Killed a black bear
  4063 | D:4      | Reached XP level 7. HP: 39/47 MP: 7/7
  4139 | D:4      | Reached skill level 6 in Stealth
  4184 | D:4      | XOM: torment (25/47 hp)
  4201 | D:4      | XOM: stat loss: -1 Int (15/16)
  4381 | D:4      | Reached skill level 1 in Shields
  4384 | D:4      | XOM: draining
  4647 | D:5      | Entered Level 5 of the Dungeon
  4829 | D:5      | XOM: give mutation
  4829 | D:5      | Lost mutation: You are robust. (+10% HP) [Xom's mischief]
  4842 | D:5      | Reached skill level 7 in Stealth
  4851 | D:5      | Reached XP level 8. HP: 46/48 MP: 8/8
  5101 | D:5      | Found a blossoming altar of Fedhas.
  5234 | D:5      | XOM: cleaving
  5306 | D:5      | XOM: summons 2 hostile demons
  5483 | D:5      | XOM: give mutations
  5483 | D:5      | Lost mutation: You have sharp toenails. [Xom's mischief]
  5483 | D:5      | Gained mutation: You occasionally shout uncontrollably at
                  | your foes. [Xom's mischief]
  5483 | D:5      | Lost mutation: You are partially covered in large bone
                  | plates. (SH +4) [Xom's mischief]
  5706 | D:5      | Reached skill level 5 in Dodging
  5706 | D:5      | Reached skill level 8 in Stealth
  5747 | D:5      | XOM: cleaving
  6262 | D:6      | XOM: give mutation
  6262 | D:6      | Lost mutation: You occasionally shout uncontrollably at
                  | your foes. [Xom's mischief]
  6368 | D:6      | XOM: give mutations
  6368 | D:6      | Gained mutation: Your natural rate of healing is unusually
                  | fast. [Xom's mischief]
  6368 | D:6      | Gained mutation: You occasionally shout uncontrollably at
                  | your foes. [Xom's mischief]
  6368 | D:6      | Gained mutation: You have a pair of small horns on your
                  | head. [Xom's mischief]
  6670 | D:6      | XOM: 9-stop teleportation journey
  6704 | D:6      | XOM: chaos upgrade
  7266 | D:6      | XOM: give mutations
  7266 | D:6      | Lost mutation: Your flesh is cold resistant. (rC+) [Xom's
                  | mischief]
  7266 | D:6      | Lost mutation: You are clumsy. (Dex -2) [Xom's mischief]
  7266 | D:6      | Lost mutation: A frigid envelope surrounds you and freezes
                  | all who hurt you. [Xom's mischief]
  7266 | D:6      | Lost mutation: You have a pair of small horns on your head.
                  | [Xom's mischief]
  7306 | D:6      | XOM: noise
  7312 | D:6      | Reached skill level 9 in Stealth
  7312 | D:6      | Reached XP level 9. HP: 52/52 MP: 9/9
  7842 | D:7      | XOM: summons 5 hostile demons
  7917 | D:7      | Found an opulent altar of Gozag.
  8016 | D:7      | Found a staircase to the Ecumenical Temple.
  8124 | D:7      | XOM: scenery: create altars
  8129 | D:7      | Reached skill level 5 in Fighting
  8129 | D:7      | XOM: blink monster(s)
  8131 | D:7      | Reached skill level 10 in Stealth
  8136 | D:7      | XOM: summons 3 friendly demons
  8375 | D:7      | Reached XP level 10. HP: 46/59 MP: 10/10
  8804 | D:8      | XOM: blink monster(s)
  8824 | D:8      | XOM: enchant monster (bad)
  8892 | D:8      | XOM: potion effect (invisibility)
  8928 | D:8      | XOM: summons friendly white imp
  8938 | D:8      | XOM: divine lightning
  8977 | D:8      | XOM: fog
  8984 | D:8      | XOM: enchant monster (good)
  9100 | D:8      | XOM: fog
  9104 | D:8      | XOM: cast spell 'Cause Fear'
  9114 | D:8      | XOM: destruction
  9121 | D:8      | Demolished by a wight

Illustrated notes

Levels and vault maps discovered:
D:1:      psy_arrival_radial01, layout_basic
D:2:      layout_loops_ring
D:3:      layout_loops_corners, xom_butterflies,
          shapermc_ecumenical_altar_mp_highgroup, dreamdust_princess_bridge,
          dreamdust_mushroom_princess, minmay_liquid_box, uniq_robin
D:4:      layout_loops_cross, minmay_ogre_servants
D:5:      layout_basic, fedhas_altar_2
D:6:      layout_layer_cave, roderic_roman_lattice
D:7:      layout_loops_cross, general_overflow_altar, minmay_temple_entry_grid,
          grunt_livestock
D:8:      layout_cave_pools, erik_lair_island

Skill      XL: |  1  2  3  4  5  6  7  8  9 10 |
---------------+-------------------------------+-----
Stealth        | 1 2 3 4 5 7 9 10 | 10.9
Armour         | 1 2 |  2.3
Short Blades   | 5 6 7 9 |  9.5
Dodging        | 3 4 6 7 8 |  8.4
Fighting       | 4 5 |  5.8
Shields        | 1 2 |  2.4

Action                   |  1- 3 |  4- 6 |  7- 9 | 10-12 || total
-------------------------+-------+-------+-------+-------++-------
Melee: Short sword       |    88 |   109 |   376 |   118 ||   691
       Punch             |     1 |     5 |     8 |     1 ||    15
       Kick              |       |    23 |    25 |       ||    48
       Headbutt          |       |       |     2 |       ||     2
  Use: Scroll            |       |       |     7 |     1 ||     8
       Potion            |       |       |       |     1 ||     1
 Stab: Sleeping          |     9 |    12 |    15 |       ||    36
       Petrifying        |     1 |       |     1 |       ||     2
       Distracted        |       |       |     3 |       ||     3
       Paralysed         |       |       |     1 |       ||     1
       Invisible         |       |       |       |     3 ||     3
       Confused          |       |       |       |     1 ||     1
Armor: Leather armour    |    26 |    22 |   115 |    62 ||   225
Dodge: Dodged            |    75 |    75 |   278 |   166 ||   594
Block: Other             |     6 |    16 |    20 |       ||    42

Table legend: (Time is in decaauts)
 A = Elapsed time spent in this place.
 B = Non-inter-level travel time spent in this place.
 C = Inter-level travel time spent in this place.
 D = Time resting spent in this place.
 E = Time spent auto-exploring this place.
 F = Levels seen in this place.
 G = Mean time per level.
                   A        B        C        D        E       F      G
               +--------+--------+--------+--------+--------+-----+--------+
         Total |   8883 |   8670 |    213 |     35 |   1253 |   8 | 1110.4 |
       Dungeon |   8883 |   8670 |    213 |     35 |   1253 |   8 | 1110.4 |
               +--------+--------+--------+--------+--------+-----+--------+

Top non-repeatable levels by time:
     D:6: 1541 daAuts
     D:3: 1362 daAuts
     D:1: 1344 daAuts
     D:7: 1254 daAuts
     D:5: 1157 daAuts
     D:4: 963 daAuts
     D:2: 923 daAuts
     D:8: 337 daAuts
